 Dungeon Crawl Stone Soup version 0.31-a0-931-g7b59d4eb97 (webtiles) character file.

Game seed: 7232133557116460005

3278 scionoferis the Cleaver (level 9, -1/85 HPs)
             Began as a Minotaur Chaos Knight on Oct 19, 2023.
             Was a Plaything of Xom.
             Slain by an orc warlord
             ... wielding a +5 battleaxe
              (30 damage)
             ... in a bailey.
             The game lasted 00:22:31 (5523 turns).

scionoferis the Cleaver (Minotaur Chaos Knight)     Turns: 5523, Time: 00:22:32

Health: -1/85      AC:  7    Str: 19    XL:     9   Next: 69%
Magic:  8/8        EV: 11    Int:  9    God:    Xom [......]
Gold:   434        SH:  6    Dex: 12    Spells: 8/8 levels left

rFire   + . .        a - +0 hand axe (chaos)
rCold   + . .        E - +1 buckler {rC+ rF+}
rNeg    . . .        w - +3 leather armour
rPois   .            (helmet restricted)
rElec   .            (no cloak)
rCorr   +            m - +0 pair of gloves
SInv    +            (no boots)
Will    .....        q - amulet of regeneration
Stlth   +            p - ring of see invisible
HPRegen 1.14/turn    B - ring of resist corrosion
MPRegen 0.11/turn

%: no passive effects
@: hasted, very quick
A: horns 2, retaliatory headbutt
a: Renounce Religion


You were in a bailey.
You worshipped Xom.
You were a very special plaything of Xom.
You visited 1 branch of the dungeon, and saw 7 of its levels.
You also visited: Bailey.

You collected 468 gold pieces.
You spent 34 gold pieces at shops.


Innate Abilities, Weirdness & Mutations

You have a pair of horns on your head.
You reflexively headbutt those who attack you in melee.


   Skills:
 + Level 9.8 Fighting
 * Level 13.0 Axes
 - Level 2.4 Armour
 - Level 1.1 Dodging
 - Level 5.0 Shields


You had 8 spell levels left.
You didn't know any spells.
Your spell library contained the following spells:

 Spells                   Type           Power      Damage    Failure   Level
 Apportation              Tloc           0%         N/A       52%         1
 Kiss of Death            Conj/Necr      0%         2d5       52%         1
 Necrotise                Necr           0%         1d4       52%         1
 Summon Small Mammal      Summ           0%         N/A       52%         1
 Lesser Beckoning         Tloc           0%         N/A       65%         2
 Sublimation of Blood     Necr           0%         N/A       65%         2
 Gell's Gravitas          Tloc           0%         N/A       87%         3
 Inner Flame              Hex/Fire       0%         N/A       87%         3
 Teleport Other           Tloc           0%         N/A       87%         3
 Flame Wave               Conj/Fire      0%         2d4       99%         4
 Sticky Flame             Conj/Fire      0%         2d3       99%         4
 Simulacrum               Ice/Necr       0%         N/A       100%        6
 Death's Door             Necr           0%         N/A       100%        9

Inventory:

Hand Weapons
 a - a +0 hand axe of chaos (weapon)
 b - a +0 broad axe
   (You took it off an orc warrior in a bailey)
Missiles
 y - 3 boomerangs
 z - a poisoned dart (quivered)
Armour
 m - a +0 pair of gloves (worn)
   (You found it on level 5 of the Dungeon)
 w - a +3 leather armour (worn)
   (You found it on level 4 of the Dungeon)
 E - a +1 buckler of resistance (worn)
   (You found it on level 6 of the Dungeon)
Jewellery
 p - a ring of see invisible (left hand)
   (You found it on level 3 of the Dungeon)
 q - an amulet of regeneration (around neck)
   (You found it on level 3 of the Dungeon)
 B - a ring of resist corrosion (right hand)
   (You found it on level 5 of the Dungeon)
 F - a ring of flight
   (You found it on level 7 of the Dungeon)
Wands
 A - a wand of roots (1)
   (You found it on level 5 of the Dungeon)
Scrolls
 c - 4 scrolls of butterflies
 d - a scroll of poison
 f - 2 scrolls of noise
 h - a scroll of vulnerability {unknown}
 j - 2 scrolls of revelation {unknown}
 t - a scroll of fear
 u - 3 scrolls of blinking {unknown}
 D - 2 scrolls of immolation {unknown}
 G - a scroll of identify
 I - 2 scrolls of teleportation
 J - a scroll of enchant weapon {unknown}
Potions
 e - 3 potions of haste
 g - a potion of attraction {unknown}
 i - a potion of might {unknown}
 k - 3 potions of resistance
 n - 3 potions of mutation {unknown}
 o - a potion of curing {unknown}
 r - a potion of degeneration {unknown}
 s - a potion of enlightenment {unknown}
 v - 4 potions of heal wounds {unknown}
 C - 2 potions of magic {unknown}

Dungeon Overview and Level Annotations

Branches:
Dungeon (7/15)             Temple (0/1) D:6          Bailey (1/1)

Altars:
Ashenzari
Kikubaaqudgha
Ru
Uskayaw

Shops:
D:1 * D:6

*
##.......##.......##..
#.........#.......#.).
##.........##.....##...
#.....⌠.....#######...)
##.........## ##..)
#.........# #...
##.......## ##..
#.......#o o#..
##.)@..## g ##. ##o####
o ## ##((...## ##.
#.......# ...#..
##.......## ...##..
#.........# ......#...
##.........###...###...
#.(...⌠.....###o###....
##....g....##88)88##...


You could see an orc warlord (agile, poisoned, ally target) and a friendly +0
war axe.


Message History

You block the sky beast's attack.
You barely miss the sky beast. Your headbutt misses the sky beast.
The sky beast barely misses you.
You barely miss the sky beast.
The sky beast hits you but does no damage.
You barely miss the sky beast. You headbutt the sky beast.
The sky beast is lightly wounded.
You slash the sky beast! You burn the sky beast. You headbutt the sky beast!
The sky beast is severely wounded.
The sky beast hits you. The sky beast shocks you.
You closely miss the sky beast. Your headbutt misses the sky beast.
The sky beast is severely wounded.
The sky beast hits you but does no damage.
You barely miss the sky beast.
The sky beast is severely wounded.
The sky beast hits you. The sky beast shocks you.
You hit the sky beast but do no damage.
The sky beast is severely wounded.
You barely miss the sky beast. You headbutt the sky beast!
You kill the sky beast!
You see here a sky beast corpse.
Found a murky green potion.
Found a stone staircase leading up.
Found an escape hatch in the floor.
v - 3 murky green potions (gained 1)
There is an escape hatch in the floor here.
Found a broken altar of Ashenzari.
Found a copper ring.
You hear the faint creaking of a very distant portcullis.
F - a ring of flight
Found a scroll of identify.
Found 16 gold pieces.
Found 18 gold pieces.
Found a stone staircase leading down.
G - a scroll of identify
Found a scroll labelled GOABIS HUSI.
Found a wooden wand.
Found a stone staircase leading down.
Found 10 gold pieces.
A white imp comes into view.
The white imp shouts, "Away with thee, thou erky bat-fowling jarkman!"
Found 16 gold pieces.
You see here a scroll labelled GOABIS HUSI.
Found an escape hatch in the ceiling.
The white imp gestures at you. The puff of frost hits you. You resist.
The white imp gestures at you. The puff of frost hits you. You resist.
You hit the white imp. Your headbutt misses the white imp.
The white imp is heavily wounded.
You block the white imp's attack.
You hit the white imp but do no damage. You headbutt the white imp.
The white imp is almost dead.
The white imp barely misses you.
You barely miss the white imp. You headbutt the white imp.
You kill the white imp!
Found a yellow potion.
H - a wand of charming (9)
A goblin comes into view. It is wielding a +0 hand axe.
You see here a yellow potion.
A goblin comes into view. It is wielding a +0 hand axe.
Found a flagged portal.
The goblin shouts!
You hear a shout!
A goblin comes into view. It is wielding a +0 hand axe. x2
Found a white potion.
The goblin shouts! x2
You block the goblin's attack.
You slash the goblin!
You kill the goblin!
You hear a splash.
You hit the goblin but do no damage.
The goblin is poisoned.
The dead are walking!
You hit the goblin.
You kill the goblin!
You hear a splash.
You hit the goblin.
You kill the goblin!
You hear a splash.
You hear the creaking of a portcullis.
You hit the goblin.
You kill the goblin!
You hear a splash.
You enter the shallow water.
Moving in this stuff is going to be slow.
Items here: ))) †.
You see here a +0 hand axe.
There is a flagged portal here.
The world spins around you as you enter the gateway.
You enter a bailey!
Found a gate leading back out of this place.
There is an empty arch of ancient stone here.
Okay, then.
You open the gate.
There is an open gate here. 2 goblins come into view.
The goblin shouts! x2
There is an open gate here.
A goblin comes into view. It is wielding a +0 hand axe.
A hobgoblin comes into view. It is wielding a +0 hand axe.
The hobgoblin shouts!
The goblin shouts!
You hit the goblin.
You kill the goblin!
Xom's attention almost turns to you for a moment.
A monocle briefly appears over your right eye.
The goblin closely misses you.
Things that are here:
a +0 hand axe; a +0 leather armour The goblin attacks as it pursues you!
The goblin barely misses you. You furiously retaliate!
You headbutt the goblin. You hit the goblin. You drain the goblin.
You kill the goblin!
You closely miss the hobgoblin.
An orc warrior comes into view. It is wielding a +0 hand axe.
The hobgoblin hits you with a +0 hand axe.
You barely miss the hobgoblin. You headbutt the hobgoblin.
You kill the hobgoblin!
You hit the goblin but do no damage. Lightning courses through the goblin!
You kill the goblin! "See what I see, my child!"
You detect creatures!
The orc warrior grunts loudly.
You hit the orc warrior but do no damage.
You block the orc warrior's attack.
You hit the orc warrior. You drain the orc warrior.
The orc warrior is moderately wounded.
You block the orc warrior's attack.
You barely miss the orc warrior.
The orc warrior is moderately wounded.
You miss the orc warrior. Your headbutt misses the orc warrior.
The orc warrior is moderately wounded.
You block the orc warrior's attack.
You slash the orc warrior!
The orc warrior suddenly seems more agile.
Xom thinks this is hilarious!
The orc warrior is heavily wounded.
The orc warrior hits you with a +0 hand axe.
You closely miss the orc warrior.
The orc warrior is heavily wounded.
You block the orc warrior's attack.
You miss the orc warrior. Your headbutt misses the orc warrior.
The orc warrior is heavily wounded.
The orc warrior hits you with a +0 hand axe.
You closely miss the orc warrior. You headbutt the orc warrior!
The orc warrior is severely wounded.
You block the orc warrior's attack.
You hit the orc warrior.
The orc warrior goes berserk!
Your headbutt misses the orc warrior.
The orc warrior is almost dead.
The orc warrior barely misses you. You furiously retaliate!
You headbutt the orc warrior.
You hit the orc warrior but do no damage.
You drain the orc warrior.
You kill the orc warrior!
Your Shields skill increases to level 2!
Items here: ))))) [[[[[ †††.
Okay, then.
There is an open gate here.
You open the door.
An orc comes into view. It is wielding a +0 hand axe.
The orc shouts!
You hear a shout! x2
A hobgoblin comes into view. It is wielding a +0 hand axe.
A goblin comes into view. It is wielding a +3 hand axe.
A gnoll comes into view. It is wielding a +0 hand axe.
A goblin comes into view. It is wielding a +0 hand axe.
The goblin shouts!
There is an open door here.
There is an open gate here.
Items here: ))))) [[[[[ †††.
You hit the hobgoblin.
The hobgoblin is poisoned.
The hobgoblin is severely wounded.
The hobgoblin hits you but does no damage.
You slash the hobgoblin!
You kill the hobgoblin!
The orc jeers loudly.
You closely miss the orc. The orc closely misses you.
You slash the goblin!
You kill the goblin!
You hit the orc.
The orc is moving more slowly.
You hit the orc. You freeze the orc.
You kill the orc!
You hit the goblin but do no damage.
The goblin resists with some effort.
Your headbutt misses the goblin. The goblin barely misses you.
You hit the goblin. You headbutt the goblin.
You kill the goblin!
A goblin comes into view. It is wielding a +0 hand axe.
The goblin shouts!
You hear a shout!
Things that are here:
a +3 hand axe; a +0 leather armour You hit the goblin but do no damage.
You hit the goblin.
You kill the goblin!
An orc warrior comes into view. It is wielding a +0 war axe.
Items here: )))))) [[[[[[ †††.
There is an open gate here.
An orc comes into view. It is wielding a +0 hand axe.
The orc shouts!
You barely miss the orc warrior. The orc warrior closely misses you.
You hit the orc warrior.
Lightning courses through the orc warrior!
The orc warrior is severely wounded.
You block the orc warrior's attack.
You closely miss the orc warrior. You headbutt the orc warrior!
The orc warrior is almost dead.
You hit the orc warrior.
You kill the orc warrior!
You barely miss the orc. Your headbutt misses the orc.
The orc barely misses you. You furiously retaliate!
You headbutt the orc. You hit the orc.
The orc is moderately wounded.
The orc hits you with a +0 hand axe.
You completely miss the orc.
The orc is moderately wounded.
You hit the orc.
You kill the orc!
The gnoll shouts!
Items here: )) [[.
You closely miss the gnoll. Your headbutt misses the gnoll.
The gnoll misses you. You furiously retaliate!
You headbutt the gnoll. You slash the gnoll! You burn the gnoll.
You kill the gnoll!
Things that are here:
a +0 hand axe; a +0 leather armour
Items here: )) [[.
There is an open gate here.
Items here: )))))) [[[[[[ †††.
Things that are here:
a +3 hand axe; a +0 leather armour
Items here: ))) [[[.
Items here: )))))) [[[[[[ †††.
There is an open gate here.
There is an open door here.
There is a fountain of clear blue water here.
There is an open door here.
You open the door.
There is an open door here. 3 goblins come into view.
The goblin shouts!
There is an open door here.
The goblin shouts!
Things that are here:
a +0 hand axe; a +0 leather armour
Items here: )) [[.
There is an open gate here.
You miss the goblin. Your headbutt misses the goblin.
You barely miss the goblin. The goblin barely misses you.
You furiously retaliate!
You headbutt the goblin!
You kill the goblin!
Items here: ))) [[[ †.
You closely miss the goblin. You slash the goblin!
You kill the goblin!
Items here: )) [[ †.
The goblin shouts!
You slash the goblin!
You kill the goblin!
There is an open door here.
Things that are here:
a +0 hand axe; a +0 leather armour
There is a fountain of clear blue water here.
Search for what [Enter for "ax", or ? for help]? bail Unknown command.
You open the door.
A gnoll comes into view. It is wielding a +0 war axe.
The gnoll shouts!
You hear a shout! x3
You barely miss the gnoll. Your headbutt misses the gnoll.
The gnoll closely misses you. You furiously retaliate!
You headbutt the gnoll! You slash the gnoll!
You kill the gnoll!
You have reached level 9!
Your experience leads to an increase in your attributes!
Increase (S)trength, (I)ntelligence, or (D)exterity?
You feel stronger. x2 2 orc warriors come into view.
The orc warrior shouts! x2; You hear a shout!
There is an open door, spattered with blood here.
Things that are here:
a +0 war axe; a +3 leather armour; a gnoll corpse You hit the orc warrior.
The orc warrior is poisoned.
The orc warrior is lightly wounded.
You closely miss the orc warrior.
The orc warrior is lightly wounded.
You block the orc warrior's attack.
You barely miss the orc warrior. Your headbutt misses the orc warrior.
The orc warrior is moderately wounded.
You hit the orc warrior. You headbutt the orc warrior.
The orc warrior is moderately wounded.
The orc warrior hits you with a +0 hand axe!
You hit the orc warrior.
The orc warrior is heavily wounded.
You hit the orc warrior but do no damage.
You closely miss the orc warrior.
The orc warrior is heavily wounded.
You slash the orc warrior!
The orc warrior resists with some effort.
A goblin comes into view. It is wielding a +0 hand axe.
The orc warrior hits you with a +0 hand axe.
The orc warrior barely misses you.
The goblin shouts!
You hit the orc warrior but do no damage.
The orc warrior easily resists.
Your headbutt misses the orc warrior.
The orc warrior is heavily wounded.
You barely miss the orc warrior.
You hear a shout! x2
The orc warrior barely misses you. The orc warrior closely misses you.
You completely miss the orc warrior. You headbutt the orc warrior.
The orc warrior is severely wounded.
You hit the orc warrior but do no damage.
The orc warrior misses you. You furiously retaliate!
You headbutt the orc warrior. The orc warrior completely misses you.
You furiously retaliate!
You headbutt the orc warrior. You hit the orc warrior.
You burn the orc warrior. Your headbutt misses the orc warrior.
The orc warrior is almost dead.
You hit the orc warrior but do no damage.
You barely miss the orc warrior. You headbutt the orc warrior.
You kill the orc warrior!
You hit the orc warrior.
The orc warrior is poisoned.
The orc warrior hits you with a +0 hand axe.
You completely miss the orc warrior. Your headbutt misses the orc warrior.
The orc warrior is heavily wounded.
The orc warrior hits you with a +0 hand axe.
You slash the orc warrior!
You feel better.
You headbutt the orc warrior.
The orc warrior is almost dead.
You kill the orc warrior!
Your Shields skill increases to level 3!
You closely miss the goblin. You hit the goblin.
You kill the goblin!
A goblin comes into view. It is wielding a +0 hand axe.
You closely miss the goblin. You block the goblin's attack.
You hit the goblin.
You kill the goblin!
Your Fighting skill increases to level 9!
An orc comes into view. It is wielding a +0 hand axe.
Things that are here:
a +0 hand axe; a +0 ring mail The orc shouts!
You hear a shout! x2
You hit the orc but do no damage. The orc hits you with a +0 hand axe.
You hit the orc. You freeze the orc.
The orc is almost dead.
The orc barely misses you.
You barely miss the orc.
The orc is almost dead.
The orc hits you with a +0 hand axe.
You slash the orc! You freeze the orc.
You kill the orc!
There is an open door, spattered with blood here.
Items here: ))))) [[[[[ †††.
Okay, then.
Unknown command.
A hobgoblin comes into view. It is wielding a +0 hand axe.
An orc comes into view. It is wielding a +0 hand axe.
The orc shouts!
You hear a shout! x2
There is an open door, spattered with blood here.
Items here: ))))) [[[[[ †††.
You hit the orc. You drain the orc.
You kill the orc!
There is an open door here.
Things that are here:
a +0 hand axe; a +0 leather armour
There is an open door here.
You open the door.
An orc and an orc warrior come into view.
The orc warrior shouts!
The orc shouts!
You hear a shout! x4
A goblin comes into view. It is wielding a +0 hand axe.
A goblin comes into view. It is wielding a +0 hand axe.
Xom plays with reality for a moment.
You radiate an aura of cold.
The orc seems to slow down.
The orc warrior seems to slow down.
The goblin seems to slow down.
The orc is no longer moving slowly.
The orc warrior is no longer moving slowly.
There is an open door here.
You hit the orc but do no damage. The orc hits you with a +0 hand axe.
You slash the orc! You freeze the orc.
You kill the orc!
You hit the orc warrior. You burn the orc warrior.
Your headbutt misses the orc warrior.
The orc warrior is lightly wounded.
The orc warrior hits you with a +0 broad axe.
You hit the orc warrior but do no damage.
The orc warrior is lightly wounded.
The orc warrior misses you. You furiously retaliate!
You headbutt the orc warrior!
You hit the orc warrior but do no damage.
The orc warrior suddenly seems more resistant.
Your headbutt misses the orc warrior.
The orc warrior is heavily wounded.
You hit the orc warrior but do no damage.
Your headbutt misses the orc warrior.
The orc warrior is heavily wounded.
The orc warrior barely misses you.
You completely miss the orc warrior. You headbutt the orc warrior!
The orc warrior is severely wounded.
The orc warrior closely misses you.
You hit the orc warrior but do no damage.
The orc warrior is severely wounded.
You hit the goblin but do no damage. The goblin hits you but does no damage.
The orc warrior hits you with a +0 broad axe.
You hit the orc warrior but do no damage.
You headbutt the orc warrior.
You kill the orc warrior!
You hit the goblin but do no damage.
The goblin resists with some effort.
You block the goblin's attack.
Your Axes skill increases to level 12!
You barely miss the goblin. You hit the goblin but do no damage.
You hit the goblin but do no damage.
You headbutt the goblin, but do no damage.
You miss the goblin. The goblin barely misses you.
You block the goblin's attack.
You hit the goblin. You freeze the goblin.
You kill the goblin!
You hit the goblin.
The goblin is poisoned.
The goblin hits you but does no damage.
You barely miss the goblin. You headbutt the goblin.
You kill the goblin!
Items here: ))) [[[ †.
I - a +0 broad axe You drop a +0 war axe.
Adjust to which letter? (? for menu, Esc to quit)
b - a +0 broad axe;
I - 2 scrolls of teleportation A hobgoblin comes into view.
It is wielding a +0 war axe.
The hobgoblin shouts!
There is an open door here.
You hit the hobgoblin. Your headbutt misses the hobgoblin.
The hobgoblin is severely wounded.
The hobgoblin barely misses you.
You barely miss the hobgoblin. Your headbutt misses the hobgoblin.
The hobgoblin is severely wounded.
You hit the hobgoblin.
You kill the hobgoblin!
Things that are here:
a +0 war axe; a +0 leather armour; a hobgoblin corpse An orc knight comes into view.
It is wielding a +0 broad axe.
The orc knight shouts!
You hear a shout!
Aiming: Charm
Press: ? - help, Shift-Dir - straight line, f - orc knight
Aim: an orc knight, wielding a +0 broad axe and wearing a +0 ring mail (chance to affect: 31%)
Okay, then.
Unknown command.
Aiming: Fastroot
Press: ? - help, Shift-Dir - straight line, f - orc knight
Aim: an orc knight, wielding a +0 broad axe and wearing a +0 ring mail The roots erupt in riotous growth!
Roots grab the orc knight.
The grasping roots constrict the orc knight.
The orc knight struggles to escape constriction.
The grasping roots constrict the orc knight.
The roots release their grip on the orc knight.
An orc warrior comes into view. It is wielding a +0 hand axe.
Aiming: Charm
Press: ? - help, Shift-Dir - straight line, f/p - orc knight
Aim: an orc knight, wielding a +0 broad axe and wearing a +0 ring mail (lightly wounded, chance to affect: 31%)
The orc knight is charmed.
The orc warrior shouts!
What are your orders? t - Shout!
Orders for allies: a - Attack new target. p - Attack previous target. r - Retreat! s - Stop attacking. g - Guard the area. f - Follow me.
Anything else - Cancel.
Gang up on whom?
Press: ? - help, Dir - move target, f - orc warrior, p - orc knight
Aim: an orc warrior, wielding a +0 hand axe and wearing a +0 ring mail Attack!
An orc warrior comes into view. It is wielding a +0 war axe.
Your orc knight closely misses the orc warrior.
An orc warrior comes into view. It is wielding a +0 war axe.
Your orc knight hits the orc warrior with a +0 broad axe!!
A goblin comes into view. It is wielding a +0 hand axe.
The goblin shouts!
The orc warrior hits your orc knight but does no damage.
Your orc knight hits the orc warrior with a +0 broad axe!!
The orc warrior dies!
Your orc knight barely misses the orc warrior.
The orc warrior hits your orc knight with a +0 war axe!
Your orc knight hits the orc warrior with a +0 broad axe!
The orc warrior hits your orc knight with a +0 war axe!
Your orc knight hits the orc warrior with a +0 broad axe.
Your orc knight hits the orc warrior with a +0 broad axe!
The orc warrior hits your orc knight with a +0 war axe!
Your orc knight hits the orc warrior with a +0 broad axe!!
The orc warrior dies!
Your orc knight hits the orc warrior with a +0 broad axe!
Your orc knight misses the goblin.
The orc warrior hits your orc knight with a +0 war axe.
Your orc knight hits the orc warrior with a +0 broad axe!
The orc warrior dies!
Your orc knight hits the goblin with a +0 broad axe!!
The goblin dies!
You catch your helpless orc knight completely off-guard!
You hit your orc knight but do no damage.
The orc knight is no longer charmed.
The orc knight is severely wounded.
The orc knight barely misses you.
You closely miss the orc knight.
The orc knight is severely wounded.
You hit the orc knight. You freeze the orc knight.
The orc knight is severely wounded.
You block the orc knight's attack.
You hit the orc knight but do no damage.
The orc knight is severely wounded.
The orc knight barely misses you.
You miss the orc knight.
The orc knight is severely wounded.
The orc knight hits you with a +0 broad axe!!
You miss the orc knight.
The orc knight is severely wounded.
You closely miss the orc knight.
The orc knight is severely wounded.
The orc knight barely misses you.
You hit the orc knight but do no damage.
Your headbutt misses the orc knight.
The orc knight is severely wounded.
The orc knight closely misses you.
You slash the orc knight!
The orc knight is severely wounded.
The orc knight hits you with a +0 broad axe!
You hit the orc knight but do no damage.
The orc knight is severely wounded.
You hit the orc knight but do no damage.
The orc knight resists with almost no effort.
You headbutt the orc knight.
The orc knight is severely wounded.
The orc knight closely misses you.
You hit the orc knight but do no damage.
The orc knight is severely wounded.
The orc knight blinks!
You miss the orc knight.
The orc knight is severely wounded.
You closely miss the orc knight.
The orc knight is severely wounded.
The orc knight barely misses you.
You closely miss the orc knight.
You headbutt the orc knight, but do no damage.
The orc knight is severely wounded.
The orc knight closely misses you. You furiously retaliate!
You headbutt the orc knight! You hit the orc knight.
The orc knight is almost dead.
You hit the orc knight.
The orc knight suddenly seems more resistant.
You headbutt the orc knight, but do no damage.
The orc knight is almost dead.
The orc knight hits you with a +0 broad axe.
You hit the orc knight but do no damage.
The orc knight is almost dead.
The orc knight hits you with a +0 broad axe!
You hit the orc knight.
You kill the orc knight!
Your Shields skill increases to level 4!
Things that are here:
a +0 broad axe; a +0 ring mail; an orc corpse
There is an open door here.
You close the door.
You start resting.
HP restored.
You start resting.
A goblin comes into view. It is wielding a +0 hand axe.
You open the door.
The goblin shouts!
The goblin closely misses you.
You hit the goblin.
The goblin is poisoned.
The goblin is severely wounded.
You kill the goblin!
Things that are here:
a +0 hand axe; a +0 leather armour; a goblin corpse
There is an open door here.
Things that are here:
a +0 broad axe; a +0 ring mail; an orc corpse
There is a fountain of clear blue water here.
A gnoll comes into view. It is wielding a +0 hand axe.
Things that are here:
a +0 war axe; a +0 chain mail; an orc corpse You barely miss the gnoll.
You hit the gnoll but do no damage. The gnoll hits you with a +0 hand axe.
You hit the gnoll. You freeze the gnoll.
The gnoll is moderately wounded.
The gnoll hits you but does no damage.
You hit the gnoll.
The gnoll goes berserk!
You headbutt the gnoll, but do no damage.
The gnoll is moderately wounded.
The gnoll hits you with a +0 hand axe.
You hit the gnoll.
The gnoll is moderately wounded.
The gnoll closely misses you.
You slash the gnoll!
Space warps horribly around the gnoll!
You kill the gnoll!
You now have 434 gold pieces (gained 96).
Things that are here:
a +0 hand axe; a +0 ring mail; a gnoll corpse
Items here: )) [[ †.
Things that are here:
a +0 hand axe; a +0 leather armour; a goblin corpse
Items here: )) [[ †.
An orc warrior comes into view. It is wielding a +0 war axe.
The orc warrior shouts!
The orc warrior moves out of view.
There is an open door here.
You hit the orc warrior but do no damage.
Your headbutt misses the orc warrior.
The orc warrior hits you with a +0 war axe!
You closely miss the orc warrior. Your headbutt misses the orc warrior.
You hit the orc warrior but do no damage.
Your headbutt misses the orc warrior.
The orc warrior hits you with a +0 war axe.
You hit the orc warrior but do no damage.
You block the orc warrior's attack.
You slash the orc warrior!
The orc warrior is moderately wounded.
You block the orc warrior's attack.
You completely miss the orc warrior.
The orc warrior is moderately wounded.
You hit the orc warrior but do no damage.
You headbutt the orc warrior!
The orc warrior is heavily wounded.
The orc warrior hits you with a +0 war axe.
You hit the orc warrior.
The orc warrior suddenly stops moving!
The orc warrior is severely wounded.
The helpless orc warrior fails to defend itself.
You slash the orc warrior! You burn the orc warrior.
You kill the orc warrior!
You close the door, pushing everything out of the way.
You start resting.
HP restored.
You open the door.
There is an open door here.
An orc warrior comes into view. It is wielding a +3 orcbow of freezing.
The orc warrior shouts!
The orc warrior shoots an arrow.
The arrow closely misses you.
The orc warrior shoots an arrow.
You block the arrow.
The orc warrior shoots an arrow.
You block the arrow.
There is an open door here.
You close the door.
You start waiting.
An orc warrior opens the door.
It is wielding a +3 orcbow of freezing.
The orc warrior unwields a +3 orcbow of freezing.
The orc warrior wields a +0 war axe.
The orc warrior hits you with a +0 war axe!
There is a broken door here.
You hit the orc warrior but do no damage.
You block the orc warrior's attack.
You hit the orc warrior. You burn the orc warrior.
You headbutt the orc warrior, but do no damage.
The orc warrior is lightly wounded.
You block the orc warrior's attack.
You slash the orc warrior!
The orc warrior is poisoned.
The orc warrior is heavily wounded.
You closely miss the orc warrior.
The orc warrior is heavily wounded.
The orc warrior misses you.
You slash the orc warrior! You burn the orc warrior.
You headbutt the orc warrior, but do no damage.
The orc warrior is almost dead.
The orc warrior hits you with a +0 war axe!
You hit the orc warrior. You burn the orc warrior.
You kill the orc warrior!
Items here: )) [ †.
Okay, then.
You start resting.
HP restored.
Found six items.
Found a gate leading back out of this place.
There is an open door here.
Found a scroll labelled BECINE PIFE.
u - 3 scrolls labelled WAKHOI SEARIT (gained 2)
c - 4 scrolls of butterflies (gained 1)
n - 3 bubbling puce potions (gained 1)
e - 3 fizzy grey potions (gained 2)
There is a gate leading back out of this place here.
e - 4 fizzy grey potions (gained 1)
v - 4 murky green potions (gained 1)
A gnoll comes into view. It is wielding a +0 hand axe.
You see here a scroll labelled BECINE PIFE.
You see here 2 lumpy brown potions.
C - 2 lumpy brown potions You see here a scroll labelled BECINE PIFE.
J - a scroll labelled BECINE PIFE "This might be better!"
The gnoll suddenly stops moving!
The helpless gnoll fails to defend itself.
You hit the gnoll.
The gnoll resists with some effort.
You headbutt the gnoll!
The gnoll is almost dead.
The helpless gnoll fails to defend itself.
You hit the gnoll.
You kill the gnoll!
Things that are here:
a +0 hand axe; a +0 leather armour; a gnoll corpse An orc comes into view.
It is wielding a +0 hand axe.
The orc shouts!
The orc moves out of view.
An orc comes into view. It is wielding a +0 hand axe.
The orc barely misses you.
You slash the orc! You burn the orc.
You kill the orc!
There is an open door here.
Things that are here:
a +0 hand axe; a +0 leather armour The orc shouts!
A gnoll comes into view. It is wielding a +0 hand axe. x2
An orc warlord comes into view. It is wielding a +5 battleaxe.
The orc warlord shouts!
The gnoll shouts!
You hear a shout! x2
An orc warrior comes into view.
It is wielding a +0 war axe and wearing a +0 scale mail of cold resistance.
The orc warlord roars a battlecry!
The orcs go into a battle-frenzy!
You hear a shout!
You hear a shout!
An orc comes into view. It is wielding a +0 hand axe.
There is an open door here.
Things that are here:
a +0 hand axe; a +0 leather armour
Aiming: Charm
Press: ? - help, Shift-Dir - straight line, f - orc
Aim: an orc, wielding a +0 hand axe and wearing a +0 leather armour (strong, chance to affect: 66%)
The orc struggles to resist.
Unknown command.
Aiming: Charm
Press: ? - help, Shift-Dir - straight line, f/p - orc
Aim: an orc, wielding a +0 hand axe and wearing a +0 leather armour (strong, chance to affect: 66%)
The orc is charmed.
Unknown command.
Press: ? - help, v - describe, . - travel
Here: an orc warlord, wielding a +5 battleaxe and wearing a +0 chain mail (fire blocked by a granite statue)
The floor.
Throw: 5 darts (datura)
Press: ? - help, Q - select action, (/) - cycle Shift-Dir - straight line, f - gnoll, p - orc
Aim: a gnoll, wielding a +0 hand axe and wearing a +0 leather armour (63% to hit, chance to frenzy on hit: 100%)
You throw a datura-tipped dart.
The datura-tipped dart closely misses the gnoll.
The gnoll hits your orc with a +0 hand axe.
Throw: 4 darts (datura)
Press: ? - help, Q - select action, (/) - cycle Shift-Dir - straight line, p - gnoll You throw a datura-tipped dart.
The datura-tipped dart hits the gnoll.
The gnoll flies into a frenzy!
Xom thinks this is hilarious!
The gnoll hits your orc with a +0 hand axe!
Your orc dies!
The gnoll misses the orc warrior.
Aiming: Charm
Press: ? - help, Shift-Dir - straight line, f - orc warrior
Aim: an orc warrior, wielding a +0 war axe and wearing a +0 scale mail of cold resistance (strong, chance to affect: 49%)
The orc warrior is charmed.
The gnoll hits your orc warrior with a +0 hand axe.
The gnoll hits your orc warrior with a +0 hand axe!
The gnoll hits the orc warlord but does no damage.
What are your orders? t - Shout!
Orders for allies: a - Attack new target. p - Attack previous target. r - Retreat! s - Stop attacking. g - Guard the area. f - Follow me.
Anything else - Cancel.
Gang up on whom?
Press: ? - help, Dir - move target, f - orc warlord, p - orc warrior
Aim: an orc warlord, wielding a +5 battleaxe and wearing a +0 chain mail Attack!
The gnoll hits the orc warlord with a +0 hand axe!!
The orc warlord hits the gnoll with a +5 battleaxe!
The gnoll dies!
An orc warrior comes into view. It is wielding a +0 hand axe.
Aiming: Fastroot
Press: ? - help, Shift-Dir - straight line, f/p - orc warlord
Aim: an orc warlord, wielding a +5 battleaxe and wearing a +0 chain mail (lightly wounded, ally target)
The roots erupt in riotous growth!
Roots grab the orc warlord.
Roots grab the orc.
The grasping roots constrict the orc warlord.
The grasping roots constrict the orc.
You hear a shout!
The orc warlord struggles to escape constriction.
Unknown command.
Unknown command.
Aiming: Corrosive Bolt
Press: ? - help, Shift-Dir - straight line, f - orc, p - orc warlord
Aim: an orc, wielding a +0 hand axe and wearing a +0 leather armour (moderately wounded, strong, constricted by roots, fire blocked by a granite statue, 100% to hit)
Okay, then.
The grasping roots constrict the orc warlord.
The grasping roots constrict the orc.
The roots release their grip on the orc warlord.
The orc escapes!
Your orc warrior hits the orc warlord with a +0 war axe.
Your orc warrior hits the orc with a +0 war axe.
The orc dies!
An orc warrior comes into view. It is wielding a +0 war axe.
Aiming: Corrosive Bolt
Press: ? - help, Shift-Dir - straight line, p - orc warlord The bolt of acid hits the orc warlord.
The acid corrodes the orc warlord!
The orc warlord is moderately wounded.
Unknown command.
Unknown command.
Aiming: Charm
Press: ? - help, Shift-Dir - straight line, f - orc warlord
Aim: an orc warlord, wielding a +5 battleaxe and wearing a +0 chain mail (moderately wounded, covered in acid, ally target, chance to affect: 17%)
Okay, then.
Unknown command.
Aiming: Corrosive Bolt
Press: ? - help, Shift-Dir - straight line, f - orc warrior
Aim: an orc warrior, wielding a +0 hand axe and wearing a +0 ring mail (strong, 64% to hit)
The bolt of acid hits the orc warlord!
The orc warlord seems to be corroded for longer.
The orc warlord is moderately wounded.
The bolt of acid hits the orc warrior!
The acid corrodes the orc warrior!
The orc warrior is moderately wounded.
The now-empty wand crumbles to dust.
Unknown command.
Unknown command.
Aiming: Charm
Press: ? - help, Shift-Dir - straight line, f/p - orc warrior
Aim: an orc warrior, wielding a +0 hand axe and wearing a +0 ring mail (moderately wounded, strong, covered in acid, chance to affect: 49%)
The orc warrior resists with some effort.
The orc warrior no longer looks unusually strong.
The orc warlord roars a battlecry!
The orc warrior goes into a battle-frenzy!
Your orc warrior hits the orc warlord with a +0 war axe!!
Your orc warrior hits the orc warrior with a +0 war axe!
Unknown command.
Aiming: Charm
Press: ? - help, Shift-Dir - straight line, f/p - orc warrior
Aim: an orc warrior, wielding a +0 hand axe and wearing a +0 ring mail (severely wounded, strong, covered in acid, chance to affect: 49%)
The orc warrior resists with some effort.
The orc warlord hits your orc warrior with a +5 battleaxe!!!
Your orc warrior dies!
You block the orc warlord's attack.
Aiming: Charm
Press: ? - help, Shift-Dir - straight line, f - orc warrior, p - orc warrior
Aim: an orc warrior, wielding a +0 war axe and wearing a +0 scale mail (strong, chance to affect: 49%)
The orc warrior resists with some effort.
The orc warlord shouts!
The orc warlord hits you with a +5 battleaxe!!
A goblin comes into view. It is wielding a +0 war axe.
The orc warrior curses repeatedly.
The orc warrior closely misses you.
Unknown command.
The orc warrior no longer looks unusually strong.
The orc warlord roars a battlecry!
The orc warrior goes into a battle-frenzy!
There is an open door here.
Things that are here:
a +0 hand axe; a +0 leather armour
Aiming: Charm
Press: ? - help, Shift-Dir - straight line, f/p - orc warrior
Aim: an orc warrior, wielding a +0 war axe and wearing a +0 scale mail (strong, chance to affect: 49%)
The orc warrior is charmed.
The orc warlord hits your orc warrior with a +5 battleaxe!!
Your orc warrior dies!
Aiming: Charm
Press: ? - help, Shift-Dir - straight line, f/p - orc warrior
Aim: an orc warrior, wielding a +0 war axe and wearing a +0 scale mail (strong, chance to affect: 49%)
The orc warrior resists with some effort.
The now-empty wand crumbles to dust.
The orc warlord roars a battlecry!
Okay, then.
Aiming: Fastroot
Press: ? - help, Shift-Dir - straight line, p - orc warrior The roots erupt in riotous growth!
Roots grab the orc warrior.
Roots grab the orc warlord.
The grasping roots constrict the orc warrior.
The grasping roots constrict the orc warlord.
The orc warrior barely misses you.
The orc warlord struggles to escape constriction.
An orc warrior comes into view. It is wielding a +0 war axe.
Unknown command.
Unknown command.
The grasping roots constrict the orc warrior.
The grasping roots constrict the orc warlord!
The roots release their grip on the orc warrior.
The roots release their grip on the orc warlord.
Throw: 3 darts (datura)
Press: ? - help, Q - select action, (/) - cycle Shift-Dir - straight line, f - orc warrior
Aim: an orc warrior, wielding a +0 war axe and wearing a +0 scale mail (lightly wounded, strong, 51% to hit, chance to frenzy on hit: 51%)
You throw a datura-tipped dart.
The datura-tipped dart closely misses the orc warrior.
The orc warrior attacks as it pursues you!
The orc warrior hits you with a +0 war axe!!
Throw: 2 darts (datura)
Press: ? - help, Q - select action, (/) - cycle Shift-Dir - straight line, f/p - orc warrior
Aim: an orc warrior, wielding a +0 war axe and wearing a +0 scale mail (lightly wounded, strong, 51% to hit, chance to frenzy on hit: 51%)
You throw a datura-tipped dart.
The datura-tipped dart hits the orc warrior.
The orc warrior resists.
The orc warrior is lightly wounded.
You hit the orc warlord but do no damage.
The orc warlord is severely wounded.
The orc warlord is no longer covered in acid.
You hit the orc warlord but do no damage.
The orc warlord is severely wounded.
The orc warlord hits you with a +5 battleaxe!
* * * LOW HITPOINT WARNING * * *
You hit the orc warlord.
The orc warlord suddenly seems more agile.
Xom thinks this is hilarious!
Your headbutt misses the orc warlord.
The orc warlord is severely wounded.
Okay, then.
Unknown command.
Unknown command.
Press: ? - help, v - describe, . - travel The floor, spattered with blood.
As you read the scroll of fear, it crumbles to dust.
You assume a fearsome visage.
The goblin looks frightened!
The orc warlord looks frightened!
Throw: dart (datura)
Press: ? - help, Q - select action, (/) - cycle Shift-Dir - straight line, f/p - orc warrior
Aim: an orc warrior, wielding a +0 war axe and wearing a +0 scale mail (lightly wounded, strong, 51% to hit, chance to frenzy on hit: 51%)
You throw a datura-tipped dart.
The datura-tipped dart closely misses the orc warrior.
Unknown command.
Unknown command.
Unknown command.
The orc warlord starts to cry.
The orc warrior attacks as it pursues you!
The orc warrior misses you.
The goblin mumbles, "Of all the rotten luck!"
The orc warrior no longer looks unusually strong.
The orc warrior attacks as it pursues you!
The orc warrior hits you with a +0 war axe!
* * * LOW HITPOINT WARNING * * *
Things that are here:
a +0 hand axe; a +0 leather armour The orc warrior no longer looks unusually strong.
There is an open door, spattered with blood here.
Items here: ))))) [[[[[ ÷÷÷.
Xom plays with reality for a moment.
You hit the orc warrior but do no damage.
Your headbutt misses the orc warrior.
The orc warrior is lightly wounded.
The orc warrior barely misses you.
You hit the orc warrior.
The orc warrior seems to grow stronger.
Your headbutt misses the orc warrior.
The orc warrior is lightly wounded.
You hit the orc warrior but do no damage.
The orc warrior suddenly seems more resistant.
You headbutt the orc warrior!
The orc warrior is heavily wounded.
The orc warrior closely misses you.
The orc warrior barely misses your hound.
Your hound barely misses the orc warrior.
You hit the orc warrior but do no damage.
The orc warrior is heavily wounded.
The orc warrior hits your hound with a +0 war axe!
The orc warrior hits you with a +0 war axe.
* * * LOW HITPOINT WARNING * * *
Your hound barely misses the orc warrior.
Unknown command.
You hit the orc warrior. Your headbutt misses the orc warrior.
The orc warrior is heavily wounded.
The orc warlord roars a battlecry!
Your hound bites the orc warrior but does no damage.
You hit the orc warrior but do no damage.
The orc warrior is heavily wounded.
The orc warrior closely misses you.
The orc warrior closely misses your hound.
You closely miss the orc warrior.
The orc warrior is heavily wounded.
You hear Xom's maniacal laughter.
The orc warrior's +0 war axe dances into the air!
You are now a very special plaything of Xom.
Your hound barely misses the orc warrior.
The orc warrior hits your hound.
Your hound dies!
Your hound's corpse disappears in a puff of smoke!
You closely miss the orc warrior. Your headbutt misses the orc warrior.
The orc warrior is heavily wounded.
Your +0 war axe hits the orc warrior!
The orc warrior dies!
Your +0 war axe hits the gnoll.
Your +0 war axe hits the orc warlord!
You closely miss the gnoll.
The gnoll is lightly wounded.
You hit the gnoll.
The gnoll seems to grow stronger.
Xom thinks this is hilarious!
You headbutt the gnoll.
You kill the gnoll!
Your +0 war axe hits the orc warlord.
Unknown command.
It was a potion of haste.
You feel yourself speed up.
Xom thinks this is hilarious!
Your +0 war axe hits the goblin!
The goblin dies!
Your +0 war axe hits the orc warrior! x2
Your +0 war axe hits the orc warrior!
The orc warrior dies!
Training target 5.0 for Shields reached!
Your Axes skill increases to level 13!
Your Shields skill increases to level 5!
Unknown command.
Throw: 3 darts (poison)
Press: ? - help, Q - select action, (/) - cycle Shift-Dir - straight line, f - orc warlord
Aim: an orc warlord, wielding a +5 battleaxe and wearing a +0 chain mail (severely wounded, unusually agile, ally target, 48% to hit)
You throw a poisoned dart.
The poisoned dart closely misses the orc warlord.
Your +0 war axe hits the orc warlord.
Throw: 2 darts (poison)
Press: ? - help, Q - select action, (/) - cycle Shift-Dir - straight line, f/p - orc warlord
Aim: an orc warlord, wielding a +5 battleaxe and wearing a +0 chain mail (severely wounded, unusually agile, ally target, 48% to hit)
You throw a poisoned dart. The poisoned dart hits the orc warlord.
The orc warlord is poisoned.
The orc warlord is severely wounded.
Your +0 war axe hits the orc warlord!
You hit the orc warlord but do no damage.
You headbutt the orc warlord.
The orc warlord is almost dead.
The orc warlord hits you with a +5 battleaxe!!
You die...

Skill      XL: |  1  2  3  4  5  6  7  8  9 |
---------------+----------------------------+-----
Axes           | 4 5 7 8 9 11 13 | 13.0
Fighting       | 4 5 6 7 8 9 |  9.8
Shields        | 2 5 |  5.0
Armour         | |  2.4
Dodging        | |  1.1

Action                     |  1- 3 |  4- 6 |  7- 9 || total
---------------------------+-------+-------+-------++-------
  Melee: Hand axe          |    60 |   171 |   297 ||   528
         Headbutt          |    12 |    37 |    60 ||   109
         Punch             |       |     2 |     6 ||     8
  Throw: Dart              |       |       |     7 ||     7
  Evoke: Wand              |       |       |    14 ||    14
    Use: Scroll            |       |       |     6 ||     6
         Potion            |       |       |     1 ||     1
   Stab: Sleeping          |     1 |     1 |       ||     2
         Paralysed         |       |     2 |     7 ||     9
         Confused          |       |     1 |       ||     1
         Petrified         |       |       |     1 ||     1
         Betrayed ally     |       |       |     1 ||     1
 Armour: Leather armour    |    28 |   113 |   116 ||   257
  Dodge: Dodged            |    30 |    71 |    98 ||   199
  Block: Buckler           |       |       |    27 ||    27

Levels and vault maps discovered:
D:1:      nzn_arrival_crosshair, layout_rooms, serial_shops, shop
D:2:      layout_loops_corners, uniq_natasha
D:3:      kennysheep_slugbush, layout_rooms, general_overflow_altar,
          kiku_gazebo_garden_becter
D:4:      layout_loops_cross, nicolae_ru_great_annihilating_truth,
          ebering_ghost_rock_garden, serial_bayou_pond_a,
          kennysheep_generic_room_16
D:5:      layout_basic, uniq_eustachio
D:6:      layout_rooms, minmay_temple_entry_arrows,
          nicolae_ea-nasir_strikes_again
D:7:      lemuel_slime, layout_cave_pods, nicolae_overflow_crystal_walls,
          enter_bailey_3, serial_bayou_ford_a
Bailey:   bailey_axe_minmay_hex_keep, bailey

Notes
Turn   | Place    | Note
-------+----------+-------------------------------------------
     0 | D:1      | scionoferis the Minotaur Chaos Knight began the quest for
                  | the Orb.
     0 | D:1      | Reached XP level 1. HP: 19/19 MP: 0/0
    48 | D:1      | Found Zoinaud's Assorted Antiques.
    59 | D:1      | Reached skill level 4 in Axes
    69 | D:1      | Reached XP level 2. HP: 20/27 MP: 1/1
   217 | D:1      | XOM: divination: detect creatures
   220 | D:1      | Reached skill level 4 in Fighting
   298 | D:1      | XOM: god gift: leather armour {god gift}
   607 | D:2      | Identified the "Wowkeiv"
   607 | D:2      | XOM: stealth player
   637 | D:2      | Reached XP level 3. HP: 33/33 MP: 2/2
   798 | D:2      | Noticed Natasha
   798 | D:2      | XOM: 2-stop teleportation journey
   802 | D:2      | XOM: potion effect (might)
   803 | D:2      | Killed Natasha
   804 | D:2      | Reached skill level 5 in Axes
   856 | D:2      | Noticed Natasha
   862 | D:2      | Killed Natasha
   863 | D:2      | Reached XP level 4. HP: 30/41 MP: 3/3
  1088 | D:2      | XOM: divination: detect creatures
  1163 | D:2      | You fall into a shaft and drop 1 floor!
  1213 | D:3      | HP: 9/41 [dart slug (3)]
  1220 | D:3      | Reached skill level 6 in Axes
  1221 | D:3      | HP: 9/41 [frilled lizard (3)]
  1319 | D:3      | a worm changed into a shapeshifter
  1319 | D:3      | Noticed a shapeshifter (shapeshifter)
  1319 | D:3      | a shapeshifter changed into a human
  1319 | D:3      | Noticed a human (shapeshifter)
  1329 | D:3      | Killed a human
  1330 | D:3      | Reached skill level 5 in Fighting
  1330 | D:3      | Reached skill level 7 in Axes
  1330 | D:3      | Reached XP level 5. HP: 24/48 MP: 4/4
  1330 | D:3      | Reached XP level 6. HP: 28/56 MP: 5/5
  1507 | D:1      | Bought a bubbling puce potion for 17 gold pieces
  1507 | D:1      | Bought a pink potion for 17 gold pieces
  1882 | D:2      | XOM: noise
  2012 | D:3      | XOM: noise
  2028 | D:3      | XOM: silly message
  2178 | D:2      | XOM: summons 4 hostile demons
  2274 | D:3      | XOM: cast spell 'Alistair's Intoxication'
  2294 | D:3      | XOM: polymorph rat -> jelly
  2573 | D:3      | Found a hide-covered altar of Uskayaw.
  2669 | D:3      | Found an ancient bone altar of Kikubaaqudgha.
  2699 | D:4      | XOM: stealth player
  2711 | D:4      | Reached skill level 6 in Fighting
  2918 | D:4      | XOM: noise
  2924 | D:4      | XOM: butterfly on damage
  2956 | D:4      | Found a sacrificial altar of Ru.
  2967 | D:4      | Reached skill level 8 in Axes
  2967 | D:4      | Reached XP level 7. HP: 53/64 MP: 6/6
  3055 | D:4      | XOM: silly message
  3157 | D:4      | Found a runed translucent gate.
  3157 | D:4      | Found a runed translucent gate.
  3157 | D:4      | Found a runed translucent gate.
  3157 | D:4      | Noticed Morowski's ghost (amateur TeCj)
  3525 | D:4      | Killed Morowski's ghost
  3526 | D:4      | Reached skill level 7 in Fighting
  3526 | D:4      | Reached skill level 9 in Axes
  3548 | D:5      | Entered Level 5 of the Dungeon
  3550 | D:5      | Identified 3 potions of resistance
  3736 | D:5      | XOM: divination: detect items
  3767 | D:5      | Reached XP level 8. HP: 73/73 MP: 7/7
  3875 | D:5      | XOM: noise
  3938 | D:5      | Noticed Eustachio
  3962 | D:5      | Killed Eustachio
  3963 | D:5      | Reached skill level 10 in Axes
  4282 | D:6      | Found a staircase to the Ecumenical Temple.
  4364 | D:6      | Reached skill level 8 in Fighting
  4395 | D:6      | XOM: divination: magic mapping
  4474 | D:6      | Reached skill level 11 in Axes
  4500 | D:6      | Identified a +1 buckler of resistance
  4528 | D:6      | Found Ea-nāṣir's Fine Metal Goods.
  4788 | D:7      | Reached skill level 1 in Shields
  4867 | D:7      | Found a broken altar of Ashenzari.
  4920 | D:7      | Found a flagged portal.
  4935 | Bailey   | Entered a bailey
  4955 | Bailey   | XOM: silly message
  4964 | Bailey   | XOM: divination: detect creatures
  4978 | Bailey   | Reached skill level 2 in Shields
  5117 | Bailey   | Reached XP level 9. HP: 82/82 MP: 8/8
  5132 | Bailey   | Reached skill level 3 in Shields
  5141 | Bailey   | Reached skill level 9 in Fighting
  5206 | Bailey   | XOM: cast spell 'Metabolic Englaciation'
  5227 | Bailey   | Reached skill level 12 in Axes
  5245 | Bailey   | Noticed an orc knight
  5283 | Bailey   | Killed an orc knight
  5284 | Bailey   | Reached skill level 4 in Shields
  5456 | Bailey   | XOM: enchant monster (good)
  5470 | Bailey   | Noticed an orc warlord
  5506 | Bailey   | HP: 21/85 [orc warrior/+0 war axe (17)]
  5508 | Bailey   | XOM: cast spell 'Call Canine Familiar'
  5512 | Bailey   | HP: 21/85 [orc warrior/+0 war axe (6)]
  5521 | Bailey   | Reached skill level 13 in Axes
  5521 | Bailey   | Reached skill level 5 in Shields
  5523 | Bailey   | Slain by an orc warlord

Vanquished Creatures
  An orc knight (Bailey)
  The ghost of Morowski the Conjurer, an amateur TeCj of Zin (D:4)
  A human (shapeshifter) (D:3)
  A steam dragon (D:7)
  Eustachio (D:5)
  8 orc warriors (D:6 Bailey)
  A sky beast (D:7)
  2 black bears (D:4 D:5)
  An ogre (D:5)
  A hound (D:5)
  2 orc priests (D:4)
  A gnoll bouda (D:5)
  A jelly (D:3)
  2 iguanas (D:5 D:6)
  Natasha (twice) (D:2)
  7 orc wizards (D:3 D:4 D:6)
  A sleepcap (D:6)
  12 gnolls (D:3 D:5 Bailey)
  5 adders (D:2 D:5 D:6)
  A river rat (D:2)
  A white imp (D:7)
  2 ufetubi (D:6)
  4 worms (D:2 D:3 D:4)
  10 dart slugs (D:3)
  19 orcs (D:3 D:4 D:6 Bailey)
  9 endoplasms (D:1 D:2 D:3 D:4)
  5 giant cockroaches (D:1 D:3 D:4)
  7 hobgoblins (D:1 D:2 D:4 Bailey)
  4 jackals (D:1 D:2)
  4 quokkas (D:1 D:5)
  8 ball pythons (D:1 D:3 D:4)
  8 bats (D:1 D:2 D:3 D:4)
  7 frilled lizards (D:1 D:2 D:3 D:4)
  26 goblins (D:1 D:2 D:3 D:4 D:7)
  6 kobolds (D:1 D:2 D:3)
  5 rats (D:1 D:2)
177 creatures vanquished.

Vanquished Creatures (collateral kills)
  5 orc warriors (Bailey)
  2 orcs (Bailey)
  2 goblins (Bailey)
9 creatures vanquished.

Vanquished Creatures (others)
  2 orc warriors (Bailey)
  A gnoll (Bailey)
3 creatures vanquished.

Grand Total: 189 creatures vanquished

Table legend: (Time is in decaauts)
 A = Elapsed time spent in this place.
 B = Non-inter-level travel time spent in this place.
 C = Inter-level travel time spent in this place.
 D = Time resting spent in this place.
 E = Time spent auto-exploring this place.
 F = Levels seen in this place.
 G = Mean time per level.
                   A        B        C        D        E       F      G
               +--------+--------+--------+--------+--------+-----+--------+
         Total |   5470 |   5149 |    321 |    253 |   3212 |   8 |  683.8 |
       Dungeon |   4919 |   4598 |    321 |    195 |   3212 |   7 |  702.7 |
        Bailey |    551 |    551 |      0 |     58 |      0 |   1 |  551.0 |
               +--------+--------+--------+--------+--------+-----+--------+

Top non-repeatable levels by time:
     D:2: 1257 daAuts
     D:4: 839 daAuts
     D:3: 814 daAuts
     D:5: 668 daAuts
     D:1: 648 daAuts
  Bailey: 551 daAuts
     D:6: 530 daAuts
     D:7: 161 daAuts

Table legend:
 A = Non-vault XP
 B = Vault XP
 C = Vault XP percentage of total XP
 D = Non-vault monster count
 E = Vault monster count
 F = Vault count percentage of total count
                 A         B        C        D         E       F
            +---------+---------+-------+---------+---------+-------
      Total |    1941 |    2742 |  58.6 |     118 |      69 |  36.9
            +---------+---------+-------+---------+---------+-------
        D:1 |      38 |       0 |   0.0 |      26 |       0 |   0.0
        D:2 |      90 |      35 |  28.0 |      21 |       1 |   4.5
        D:3 |     336 |      36 |   9.7 |      23 |       9 |  28.1
        D:4 |     353 |     265 |  42.9 |      21 |       7 |  25.0
        D:5 |     447 |     191 |  29.9 |      11 |       1 |   8.3
        D:6 |     340 |       0 |   0.0 |      13 |       0 |   0.0
        D:7 |     337 |       8 |   2.3 |       3 |       4 |  57.1
     Bailey |       0 |    2207 | 100.0 |       0 |      47 | 100.0
            +---------+---------+-------+---------+---------+-------
